 Dungeon Crawl Stone Soup version 0.18.1-50-g88ac8fd (webtiles) character file.

310 Amnesiac the Charlatan (level 6, -1/29 HPs)
             Began as a Vine Stalker Artificer on July 6, 2018.
             Succumbed to a worker ant's poison
             ... on level 5 of the Dungeon.
             The game lasted 00:02:12 (693 turns).

Amnesiac the Charlatan (Vine Stalker Artificer)      Turns: 693, Time: 00:02:13

Health: -1/29      AC:  3    Str: 16    XL:     6   Next: 41%
Magic:  6/11       EV: 17    Int: 12    God:
Gold:   75         SH:  0    Dex: 19    Spells: 1 memorised, 3 levels left

rFire  . . .     SeeInvis .     a - +0 short sword
rCold  . . .     Gourm    .     b - +0 leather armour
rNeg   . . .     Faith    .     (no shield)
rPois  .         Spirit   +     (no helmet)
rElec  .         Dismiss  .     (no cloak)
rCorr  .         Reflect  .     (no gloves)
SustAt .         Harm     .     (no boots)
MR     .....                    (no amulet)
Stlth  +++.......               (no ring)
                                (no ring)

@: agile, lethally poisoned (-1 -> -20), very slightly contaminated, invisible,
not resistant to hostile enchantments, fairly stealthy
A: fangs 2, regeneration 2, magic shield, antimagic bite, no device heal 3, rot
immunity
a: no special abilities


You were on level 5 of the Dungeon.
You were not hungry.

You visited 1 branch of the dungeon, and saw 5 of its levels.

You collected 75 gold pieces.

Inventory:

Hand Weapons
 a - a +0 short sword (weapon)
Armour
 b - a +0 leather armour (worn)
Wands
 c - a wand of flame (15/48)
 d - a wand of enslavement (15/24)
 e - a wand of random effects (3/48)
 n - a wand of slowing (27/48)
Scrolls
 g - a scroll of teleportation {!r, unknown}
 i - a scroll of magic mapping {!r, unknown}
 j - a scroll of blinking {!r, unknown}
 l - a scroll of remove curse {!r, unknown}
 o - a scroll of amnesia {!r, unknown}
Potions
 h - a potion of agility {!q}
 k - a potion of invisibility {!q}
 m - a potion of might {!q, unknown}
Comestibles
 f - 3 bread rations


   Skills:
 - Level 0.8 Fighting
 - Level 0.8 Short Blades
 - Level 1.5 Dodging
 - Level 1.2 Stealth
 + Level 6.4 Evocations


You had 3 spell levels left.
You knew the following spells:

 Your Spells              Type           Power        Failure   Level  Hunger
z - Confusing Touch       Hex            #.....       65%         2    ###....


Dungeon Overview and Level Annotations

Branches:
Dungeon (5/15)
 Temple: D:4-7

Altars:


Innate Abilities, Weirdness & Mutations

You have extremely sharp teeth.
You heal very quickly.
When hurt, damage is shared between your health and your magic reserves.
Your bite disrupts and absorbs the magic of your enemies.
Potions and wands cannot restore your health.
You are immune to rotting.


Message History

You bite the worker ant, but do no damage.
The worker ant is severely wounded.
You feel sick. The worker ant bites you.
You are more poisoned.
The worker ant poisons you!
You barely miss the worker ant.
You bite the worker ant, but do no damage.
The worker ant is severely wounded.
You feel sick. The worker ant bites you.
The worker ant bites you but does no damage.
You hit the worker ant.
The worker ant is severely wounded.
You feel sick. The worker ant bites you.
You are more poisoned.
The worker ant poisons you!
You hit the worker ant but do no damage.
The worker ant is severely wounded.
You feel sick. The worker ant closely misses you.
You hit the worker ant but do no damage.
You bite the worker ant. You drain its power.
You feel invigorated.
The worker ant is almost dead.
You feel sick.
The worker ant bites you but does no damage.
You closely miss the worker ant.
You bite the worker ant, but do no damage.
The worker ant is almost dead.
You feel sick. The worker ant closely misses you. The worker ant bites you.
* * * LOW HITPOINT WARNING * * *
You are lethally poisoned!
The worker ant poisons you!
You hit the worker ant.
The worker ant is almost dead.
* * * LOW HITPOINT WARNING * * *
You feel sick. The worker ant barely misses you.
You completely miss the worker ant.
The worker ant is almost dead.
* * * LOW HITPOINT WARNING * * *
You feel sick. The worker ant bites you.
* * * LOW HITPOINT WARNING * * *
You are more poisoned.
The worker ant poisons you!
You closely miss the worker ant.
The worker ant is almost dead.
* * * LOW HITPOINT WARNING * * *
You feel sick. The worker ant bites you.
* * * LOW HITPOINT WARNING * * *
The worker ant bites you.
* * * LOW HITPOINT WARNING * * *
You are more poisoned.
The worker ant poisons you!
You are too injured to fight recklessly!
Drink which item? (? for menu, Esc to quit)
Really quaff
k - 2 dark potions {!q}?
It was a potion of invisibility {!q}.
You fade into invisibility!
* * * LOW HITPOINT WARNING * * *
You feel very sick. The worker ant misses you.
You are very lightly contaminated with residual magic.
Drink which item? (? for menu, Esc to quit)
Really quaff
h - 2 sedimented blue potions {!q}?
It was a potion of agility {!q}.
You feel agile all of a sudden.
You die...

###........### #%.
#)#...
#......#...###.#.#
#.#.#.
....##...##..##.#.#
#.#.#.
#.#..###...........#
##.#.## ..#..#
#.........######....# #.
..#.................<###
#...........######.#....
##..........# #.#.###
##....@....# #.#.# #
#....a....# #.#.# #
............# #.#.#
###.........# #.#.#
#..#..##.... #.#.#
#.....# ###.. ..#
#.##... #. ### .. ##.#


You could see a worker ant.

Vanquished Creatures
  A phantom (D:3)
  An ogre (D:5)
  A giant frog zombie (D:5)
  A howler monkey (D:5)
  A worker ant (D:4)
  A worker ant zombie (D:5)
  2 adders
  A shadow imp (D:5)
  An ooze (D:4)
  A giant gecko (D:4)
  An orc (D:4)
  A giant cockroach (D:1)
  A goblin (D:3)
  A ball python (D:3)
  A ball python skeleton (D:3)
16 creatures vanquished.

Notes
Turn   | Place    | Note
--------------------------------------------------------------
     0 | D:1      | Amnesiac the Vine Stalker Artificer began the quest for the Orb.
     0 | D:1      | Reached XP level 1. HP: 9/9 MP: 3/3
   124 | D:3      | Reached skill level 3 in Evocations
   124 | D:3      | Reached XP level 2. HP: 14/14 MP: 3/5
   148 | D:3      | Noticed a phantom
   178 | D:3      | Killed a phantom
   178 | D:3      | Reached skill level 4 in Evocations
   178 | D:3      | Reached XP level 3. HP: 11/17 MP: 3/7
   178 | D:3      | Reached XP level 4. HP: 14/21 MP: 3/8
   252 | D:4      | Reached skill level 5 in Evocations
   252 | D:4      | Reached XP level 5. HP: 25/25 MP: 9/9
   308 | D:4      | Learned a level 2 spell: Confusing Touch
   321 | D:5      | Entered Level 5 of the Dungeon
   439 | D:5      | Noticed an ogre
   521 | D:5      | Killed an ogre
   521 | D:5      | Reached skill level 6 in Evocations
   521 | D:5      | Gained mutation: You heal very quickly. [Vine Stalker growth]
   521 | D:5      | Reached XP level 6. HP: 29/29 MP: 11/11
   693 | D:5      | Succumbed to a worker ant's poison

Skill      XL: |  1  2  3  4  5 |
---------------+----------------+-----
Evocations     | 3 4 5 6 |  6.4
Fighting       | |  0.8
Short Blades   | |  0.8
Dodging        | |  1.5
Stealth        | |  1.2

Action                   |  1- 3 |  4- 6 || total
-------------------------+-------+-------++-------
Melee: Short sword       |    22 |    89 ||   111
       Bite              |     6 |    31 ||    37
Evoke: Wand              |     4 |     9 ||    13
  Use: Potion            |       |     2 ||     2
 Stab: Confused          |     1 |     3 ||     4
Armor: Leather armour    |     7 |    18 ||    25
Dodge: Dodged            |    17 |    66 ||    83
